 Dungeon Crawl Stone Soup version 0.15.0-9-g1a96a59 (webtiles) character file.

106 zercules the Ducker (level 4, -4/45 HPs)
             Began as a Troll Fighter on Aug 31, 2014.
             Slain by an orc priest (6 damage)
             ... on Level 3 of the Dungeon.
             The game lasted 00:04:06 (1001 turns).

zercules the Ducker (Troll Fighter)                 Turns: 1001, Time: 00:04:06

HP  -4/45        AC  5     Str 24      XL: 4   Next: 55%
MP   2/2         EV  8     Int  5      God:
Gold 55          SH  9     Dex  9      Spells:  0 memorised,  3 levels left

rFire  . . .     SeeInvis .       - Unarmed
rCold  . . .     Clarity  .     b - +0 robe
rNeg   . . .     rCorr    .     c - +0 shield
rPois  .         rRot     .     (helmet restricted)
rElec  .         Spirit   .     (no cloak)
SustAb .         Warding  .     (gloves unavailable)
rMut   .         Stasis   .     (boots unavailable)
Gourm  +                        (no amulet)
MR     .....                    (no ring)
                                g - ring of stealth

@: not resistant to hostile enchantments, unstealthy
A: unfitting armour, claws 3, fast metabolism 3, gourmand, regeneration 2,
saprovore 2, shaggy fur 1, tough skin 2
a: no special abilities


You were on level 3 of the Dungeon.
You were completely stuffed.

You visited 1 branch of the dungeon, and saw 3 of its levels.

You collected 55 gold pieces.


Innate Abilities, Weirdness & Mutations

You are too large for most types of armour.
You have claws for hands.
Your metabolism is lightning-fast.
You like to eat raw meat.
You heal very quickly.
You can eat rotten meat.
You are covered in fur (AC +1).
You have very tough skin (AC +2).


   Skills:
 + Level 3.0 Fighting
 + Level 3.1 Dodging
 + Level 3.0 Shields
 + Level 2.9 Unarmed Combat


You had 3 spell levels left.
You didn't know any spells.

Dungeon Overview and Level Annotations

Branches:
Dungeon (3/15)

Altars:
Kikubaaqudgha

Inventory:

Armour
 b - a +0 robe (worn)
 c - a +0 shield (worn)
Comestibles
 a - 2 meat rations
 l - a bread ration
 m - a beef jerky
Scrolls
 d - 2 scrolls of teleportation {unknown}
 i - a scroll of blinking {unknown}
Jewellery
 g - a ring of stealth (left claw)
Potions
 e - a potion of might
 f - 2 potions of magic {unknown}
 h - a potion of lignification {unknown}
 j - a potion of agility {unknown}

###
..#
#.#
#l#
#o#
#o#
#@#
###(#
#.(.#
#.###
#.#
#.#
#.#
#.# .
#.##.#


You could see an orc priest (bleeding), an orc wizard and a giant newt.


Message History

You claw the adder!
The adder is almost dead.
The adder bites you but does no damage.
You miss the adder.
The adder is almost dead.
The adder bites you but does no damage. You block the adder's attack.
You claw the adder!
You kill the adder!
Your Shields skill increases to level 3!
No target in view!
An orc comes into view. It is wielding a war axe.
The orc shouts!
An orc is nearby!
You completely miss the orc. You block the orc's attack.
You barely miss the orc. The orc hits you with a war axe!
You claw the orc!
You kill the orc!
An orc comes into view. It is wielding a flail.
An orc is nearby!
An orc and an orc wizard come into view.
The orc shouts! x2
The orc throws a tomahawk.
The tomahawk hits you.
An orc priest comes into view.
Things that are here:
a tomahawk; a war axe; a runed leather armour The orc priest shouts!
The orc priest's eyes start to glow.
You claw the orc!
You kill the orc!
The orc throws a tomahawk.
The tomahawk hits you but does no damage.
The orc hits you with a flail.
Things that are here:
a dagger; a leather armour You closely miss the orc.
The orc closely misses you.
You scratch the orc.
The orc is moderately wounded.
The orc priest utters an invocation to Beogh.
You feel a wave of unholy energy pass over you.
The orc closely misses you.
You scratch the orc.
The orc is heavily wounded.
The orc hits you but does no damage.
You claw the orc!
You kill the orc!
The orc wizard mumbles some strange words.
The orc wizard seems to speed up.
A giant newt comes into view.
You scratch the orc priest.
The orc priest is lightly wounded.
You block the orc priest's attack.
You barely miss the orc priest.
The orc priest is lightly wounded.
The orc priest invokes the aid of Beogh against you.
Something smites you!
* * * LOW HITPOINT WARNING * * *
The orc wizard looks braver.
You barely miss the orc priest.
The orc priest is lightly wounded.
You block the orc priest's attack.
You claw the orc priest!
The orc priest is severely wounded.
The orc priest mumbles some strange prayers to Beogh against you.
Something smites you!
* * * LOW HITPOINT WARNING * * *
The orc wizard becomes somewhat translucent.
You closely miss the orc priest.
The orc priest is severely wounded.
The orc priest hits you.
You die...

Action                   |  1- 3 |  4- 6 || total
-------------------------+-------+-------++-------
Melee: Unarmed           |   100 |    32 ||   132
 Stab: Sleeping          |     1 |     2 ||     3
  Eat: Chunk             |    12 |     3 ||    15

Vault maps used:
D:1:      scummos_arrival_simple_fountains, minivault_26
D:2:      okawaru_altar_gauntlet_db, tgw_kikubaaqudgha
D:3:      amethyst_overflow_temple_binary, first_bread

Notes
Turn   | Place    | Note
--------------------------------------------------------------
     0 | D:1      | zercules, the Troll Fighter, began the quest for the Orb.
     0 | D:1      | Reached XP level 1. HP: 22/22 MP: 1/1
    53 | D:1      | Reached XP level 2. HP: 29/29 MP: 1/1
   467 | D:2      | Found an ancient bone altar of Kikubaaqudgha.
   469 | D:2      | Noticed a human
   472 | D:2      | Killed a human
   584 | D:2      | Reached XP level 3. HP: 36/36 MP: 2/2
   767 | D:3      | Reached skill level 3 in Dodging
   788 | D:3      | Reached XP level 4. HP: 36/44 MP: 2/2
   908 | D:3      | Reached skill level 3 in Fighting
   975 | D:3      | Reached skill level 3 in Shields
  1000 | D:3      | HP: 1/45 [orc priest/divine providence (16)]
  1001 | D:3      | Slain by an orc priest

Vanquished Creatures
  A crocodile skeleton (D:3)
  4 adders (D:3)
  A giant gecko (D:3)
  An ooze (D:1)
  8 orcs (D:3)
  3 giant cockroaches
  5 goblins
  5 hobgoblins (D:1)
  5 kobolds
  A ball python (D:2)
  7 bats
  2 giant newts (D:2)
  6 rats
49 creatures vanquished.

Vanquished Creatures (others)
  A human (D:2)
1 creature vanquished.

Grand Total: 50 creatures vanquished
